 Dungeon Crawl Stone Soup version 0.31-a0-277-g31ea1f65cc (webtiles) character file.

Game seed: 12145678615898342291

1401 Iniera the Digger (level 9, -1/57 HPs)
             Began as a Human Earth Elementalist on July 16, 2023.
             Was a Follower of Zin.
             Slain by an orc warrior
             ... wielding a +0 war axe
              (10 damage)
             ... on level 6 of the Dungeon.
             The game lasted 00:07:38 (6255 turns).

Iniera the Digger (Human Earth Elementalist)        Turns: 6255, Time: 00:07:39

Health: -1/57      AC:  5    Str:  8    XL:     9   Next: 1%
Magic:  5/15       EV: 14    Int: 20    God:    Zin [*.....]
Gold:   245        SH:  0    Dex: 14    Spells: 2/16 levels left

rFire   . . .        s - +0 quarterstaff (spect)
rCold   . . .        (shield currently unavailable)
rNeg    . . .        a - +0 robe
rPois   .            (no helmet)
rElec   .            (no cloak)
rCorr   .            (no gloves)
SInv    +            e - +2 pair of boots
Will    .....        (no amulet)
Stlth   +++          f - ring of wizardry
HPRegen 0.29/turn    l - ring of see invisible
MPRegen 0.14/turn

%: wizardry (x1)
@: no status effects
A: no striking features
a: Renounce Religion, Recite, Donate Gold


You were on level 6 of the Dungeon.
You worshipped Zin.
Zin was aware of your devotion.
You visited 2 branches of the dungeon, and saw 7 of its levels.

You collected 317 gold pieces.
You spent 45 gold pieces at shops.
You donated 27 gold pieces to Zin.

Inventory:

Hand Weapons
 s - a +0 spectral quarterstaff (weapon)
Missiles
 m - a throwing net
Armour
 a - a +0 robe (worn)
 e - a +2 pair of boots (worn)
Jewellery
 f - a ring of wizardry (left hand)
 l - a ring of see invisible (right hand)
 o - a ring of protection from cold
 p - a ring of flight
Scrolls
 b - a scroll of fear {unknown}
 i - 2 scrolls of teleportation
 r - a scroll of brand weapon
Potions
 c - 3 potions of curing
 d - a potion of heal wounds
 g - a potion of ambrosia {unknown}
 h - a potion of brilliance
 j - a potion of haste {unknown}
 n - a potion of might {unknown}
 q - a potion of degeneration {unknown}


   Skills:
 + Level 4.8 Dodging
 - Level 5.0 Stealth
 + Level 4.4 Spellcasting
 + Level 3.9 Conjurations
 + Level 2.0 Hexes
 - Level 2.7 Transmutations
 + Level 5.2 Earth Magic


You had 2 spell levels left.
You knew the following spells:

 Your Spells              Type           Power      Damage    Failure   Level
a - Sandblast             Erth           50%        2d12      1%          1
b - Passwall              Tmut/Erth      16%        N/A       1%          2
c - Stone Arrow           Conj/Erth      46%        3d9       2%          3
d - Petrify               Tmut/Erth      20%        N/A       10%         4
e - Fulminant Prism       Conj/Hex       8%         3d6       14%         4

Your spell library contained the following spells:

 Spells                   Type           Power      Damage    Failure   Level
 Magic Dart               Conj           80%        1d7       1%          1
 Searing Ray              Conj           40%        2d5       1%          2
 Shock                    Conj/Air       48%        1d6       2%          1
 Freeze                   Ice            16%        1d4       4%          1
 Ensorcelled Hibernation  Hex/Ice        16%        N/A       4%          2
 Swiftness                Air            4%         N/A       16%         3
 Airstrike                Air            2%         2d(1-17)  43%         4


Dungeon Overview and Level Annotations

Branches:
Dungeon (6/15)             Temple (1/1) D:5

Altars:
Ashenzari
Cheibriados
Dithmenos
Elyvilon
Fedhas
Gozag
Hepliaklqana
Kikubaaqudgha
Makhleb
Nemelex Xobeh
Okawaru
Qazlal
Sif Muna
Trog
Uskayaw
Vehumet
Wu Jian
Xom
Yredelemnul
Zin
The Shining One

Shops:
D:2 *


Message History

The orc priest casts a cantrip, but nothing happens.
The orc warrior hits your +0 spectral quarterstaff with a +0 war axe.
Your spectral weapon shares its damage with you!
Your Hexes skill increases to level 2!
You have reached level 9!
Your experience leads to an increase in your attributes!
Increase (S)trength, (I)ntelligence, or (D)exterity?
You feel clever. x2
You swap places.
Your +0 spectral quarterstaff disappears.
The orc warrior hits you but does no damage.
You hit the orc warrior but do no damage.
The orc warrior is moderately wounded.
The orc warrior hits you with a +0 war axe!
Casting: Fulminant Prism (dangerous; 14% risk of failure)
Confirm with . or Enter, or press ? or * to list all spells.
Aiming: Fulminant Prism (dangerous; 14% risk of failure)
Press: ? - help, Dir - move target You conjure a prism of explosive energy!
A fulminant prism comes into view.
The orc warrior hits you with a +0 war axe!
You hit the orc warrior.
The orc warrior is moderately wounded.
The orc warrior misses you.
Your fulminant prism crackles loudly.
You closely miss the orc warrior.
The orc warrior is moderately wounded.
The orc warrior hits you with a +0 war axe!
* * * LOW HITPOINT WARNING * * *
Your fulminant prism explodes!
The blast of energy engulfs the jelly!
The jelly is severely wounded.
The blast of energy engulfs the orc wizard.
The orc wizard is heavily wounded.
The blast of energy engulfs the orc priest!!
You kill the orc priest!
The blast of energy engulfs the orc wizard!
The orc wizard is heavily wounded.
The orc warrior hits you with a +0 war axe!
You die...

.........
......... ..#
..# ..# ..##
#..## #####
##..##
##...########
##..##
##....@o)o....
##..##
##...$###oJ....
##..###....##
.....
##.....(...#
....
#.............
...
##............
..
##.....#........
.
#.....###......>
#....## #.......


You could see an orc warrior, a jelly and 2 orc wizards.

Vanquished Creatures
  Pargi (D:4)
  A black bear (D:5)
  2 ice beasts
  4 phantoms
  A bullfrog (D:6)
  2 scorpions (D:4)
  A hound (D:6)
  2 jellies (D:6)
  2 orc priests
  Jessica (D:2)
  6 iguanas
  2 orc wizards
  5 gnolls
  6 adders
  A white imp (D:5)
  A worm (D:4)
  2 dart slugs (D:2)
  7 orcs
  9 endoplasms
  2 giant cockroaches (D:2)
  7 goblins
  8 hobgoblins
  2 jackals (D:3)
  7 quokkas
  6 ball pythons
  A bat (D:2)
  5 frilled lizards
  4 kobolds
  2 rats (D:3)
100 creatures vanquished.

Vanquished Creatures (others)
  2 fulminant prisms (D:6)
2 creatures vanquished.

Grand Total: 102 creatures vanquished

Notes
Turn   | Place    | Note
-------+----------+-------------------------------------------
     0 | D:1      | Iniera the Human Earth Elementalist began the quest for the
                  | Orb.
     0 | D:1      | Reached XP level 1. HP: 13/13 MP: 3/3
   350 | D:1      | Found a faded altar of an unknown god.
   359 | D:1      | Got Plato's Almanac of Rime
   403 | D:1      | Reached XP level 2. HP: 19/19 MP: 3/5
   757 | D:2      | Found Vuuxtef's General Store.
   776 | D:2      | Bought a +0 pair of boots for 45 gold pieces
   987 | D:2      | Reached XP level 3. HP: 23/24 MP: 2/6
  1335 | D:2      | Noticed Jessica
  1340 | D:2      | Killed Jessica
  1341 | D:2      | Reached XP level 4. HP: 30/30 MP: 4/7
  1722 | D:3      | Reached XP level 5. HP: 35/35 MP: 4/8
  1728 | D:3      | Reached skill level 1 in Conjurations
  1819 | D:3      | Found a burning altar of Makhleb.
  1823 | D:3      | Found a shadowy altar of Dithmenos.
  2239 | D:3      | Learned a level 2 spell: Passwall
  2243 | D:3      | Learned a level 3 spell: Stone Arrow
  3046 | D:4      | Reached XP level 6. HP: 28/41 MP: 0/10
  3426 | D:4      | Reached XP level 7. HP: 18/46 MP: 1/11
  3547 | D:4      | Found a hazy altar of Hepliaklqana.
  3580 | D:4      | Noticed Pargi
  3598 | D:4      | Killed Pargi
  3697 | D:4      | Learned a level 4 spell: Petrify
  4502 | D:5      | Entered Level 5 of the Dungeon
  4753 | D:5      | Reached XP level 8. HP: 52/52 MP: 0/13
  4856 | D:5      | Found a staircase to the Ecumenical Temple.
  4867 | Temple   | Entered the Ecumenical Temple
  4996 | Temple   | Became a worshipper of Zin the Law-Giver
  4996 | Temple   | Reached * piety under Zin
  5171 | D:5      | Learned a level 4 spell: Fulminant Prism
  5798 | D:6      | Reached skill level 1 in Hexes
  5890 | D:6      | Reached skill level 5 in Earth Magic
  6109 | D:6      | Reached skill level 5 in Stealth
  6251 | D:6      | Reached XP level 9. HP: 47/57 MP: 8/15
  6255 | D:6      | Slain by an orc warrior

Illustrated notes

Levels and vault maps discovered:
D:1:      scummos_arrival_gate, layout_loops_ring,
          shapermc_ecumenical_altar_rom_forum, moated_statue,
          minmay_tetromino_i2
D:2:      layout_loops_ring, serial_shops, shop, kennysheep_big_empty_room,
          uniq_jessica
D:3:      minmay_inner_zag, layout_loops_corners, grunt_temple_overflow_open,
          minmay_goblin_kobold_house
D:4:      minmay_evil_eye, layout_layer_cave,
          mainiacjoe_overflow_concentric_impassable, grunt_ministairs_13,
          saegor_snake_ambush, uniq_pargi
D:5:      layout_loops_cross, temple_hall
D:6:      layout_layer_cave, uniq_maggie
Temple:   mainiacjoe_temple_coin_purse

Skill      XL: |  1  2  3  4  5  6  7  8 |
---------------+-------------------------+-----
Conjurations   | 1 2 3 |  3.9
Transmutations | 2 |  2.7
Stealth        | 3 4 5 |  5.0
Dodging        | 3 4 |  4.8
Spellcasting   | 3 4 |  4.4
Earth Magic    | 4 5 |  5.2
Hexes          | 2 |  2.0

Action                     |  1- 3 |  4- 6 |  7- 9 || total
---------------------------+-------+-------+-------++-------
  Melee: Unarmed           |     2 |       |       ||     2
         Short sword       |     5 |    24 |       ||    29
         Scimitar          |       |    34 |    93 ||   127
         Quarterstaff      |       |       |    34 ||    34
         Punch             |       |       |     2 ||     2
   Cast: Sandblast         |    38 |    33 |     3 ||    74
         Stone Arrow       |       |    13 |    42 ||    55
         Fulminant Prism   |       |       |     2 ||     2
    Use: Scroll            |     3 |     2 |     4 ||     9
         Potion            |       |     1 |     2 ||     3
   Stab: Sleeping          |       |     1 |     1 ||     2
         Distracted        |       |       |     3 ||     3
 Armour: Robe              |     9 |    14 |    39 ||    62
  Dodge: Dodged            |    19 |    58 |   131 ||   208

Table legend: (Time is in decaauts)
 A = Elapsed time spent in this place.
 B = Non-inter-level travel time spent in this place.
 C = Inter-level travel time spent in this place.
 D = Time resting spent in this place.
 E = Time spent auto-exploring this place.
 F = Levels seen in this place.
 G = Mean time per level.
                   A        B        C        D        E       F      G
               +--------+--------+--------+--------+--------+-----+--------+
         Total |   6366 |   6085 |    281 |    287 |   4918 |   7 |  909.4 |
       Dungeon |   6226 |   5973 |    253 |    287 |   4819 |   6 | 1037.7 |
        Temple |    140 |    113 |     27 |      0 |     99 |   1 |  140.0 |
               +--------+--------+--------+--------+--------+-----+--------+

Top non-repeatable levels by time:
     D:4: 1603 daAuts
     D:3: 1333 daAuts
     D:5: 1158 daAuts
     D:2: 887 daAuts
     D:1: 763 daAuts
     D:6: 480 daAuts
  Temple: 140 daAuts
